AoeStats
← lSeTal

Arabia

503522036Analyzed
2v2 RM · 1mo ago on Sep 1, 2026· 27m 22s· 4 players
Game mode
Random Map
Map size
Medium (4 player)
Population
200
Speed
Normal
Resources
Standard
Victory
Conquest
Starting age
Dark Age
Ending age
Imperial Age
RankedLock teamsTeams togetherTeam positionsShared explorationLock speedFull tech treeHidden civsTurbo modeCheats
Victory
Defeat
🇺🇸 Magyars · United States
1032
+15
🇨🇴 Spanish · Colombia
999
+16
🇨🇱 Ethiopians · Chile
1000
-46
🇨🇱 Britons · Chile
1000
-46
ev419866
14:27 Feudal Age
14:52 Man-at-Arms
17:53 Wheelbarrow
Bardax04
11:04 Feudal Age
lSeTal
7:21 Loom
9:36 Feudal Age
10:16 Double-Bit Axe
15:08 Bloodlines
15:12 Scale Barding Armor
16:20 Padded Archer Armor
16:10 Fletching
19:19 Wheelbarrow
22:20 Castle Age
21:03 Horse Collar
22:25 Crossbowman
23:17 Gold Mining
27:04 Ballistics
27:33 Bodkin Arrow
Andyrask
7:17 Loom
10:24 Feudal Age
10:28 Man-at-Arms
10:55 Arson
13:20 Double-Bit Axe
15:02 Forging
15:54 Bloodlines
16:21 Scale Mail Armor
18:18 Scale Barding Armor
23:00 Castle Age
21:43 Stone Mining
23:15 Light Cavalry
23:57 Husbandry
24:15 Chain Mail Armor
24:38 Iron Casting
25:25 Chain Barding Armor
28:16 Wheelbarrow
Connection lost

Rejoining the realm…

Still unreachable

The connection could not be restored.

Session expired

The server has moved on; the page needs a fresh start.